 Dungeon Crawl Stone Soup version 0.29.1-2-gbd0b4ee654 (webtiles) character file.

Game seed: 11125887074127443629

55398 Godmorgon the Stormcaller (level 14, -4/88 HPs)
             Began as a Tengu Air Elementalist on Oct 22, 2022.
             Was an Elder of Vehumet.
             Shot with an arrow by a centaur warrior (11 damage)
             ... on level 13 of the Dungeon on Oct 23, 2022.
             The game lasted 02:01:32 (27745 turns).

Godmorgon the Stormcaller (Tengu Air Elementalist) Turns: 27745, Time: 02:01:33

Health: -4/88      AC: 15    Str:  9    XL:     14   Next: 77%
Magic:  41/41      EV: 22    Int: 35    God:    Vehumet [****..]
Gold:   1322       SH:  0    Dex: 15    Spells: 27/37 levels left

rFire   . . .      SeeInvis .   a - +2 rapier of Nosuemoni {speed, Int+4 Stlth+}
rCold   . . .      Faith    .   (no shield)
rNeg    . . .      Spirit   .   M - +2 robe {Archmagi}
rPois   .          Reflect  .   N - +3 hat of Pondering {ponderous, Will+ MP+10 Int+5}
rElec   .          Harm     .   l - +1 cloak of Starlight {*Dazzle EV+4 Stlth--}
rCorr   .          Rampage  .   K - +0 pair of gloves
Will    ++...      Archmagi +   (boots unavailable)
Stlth   +.........              (no amulet)
HPRegen 0.24/turn               t - +6 ring of intelligence
MPRegen 0.27/turn               H - +4 ring of protection

@: flying quickly and evasively
A: beak, talons 3, nimble flight
a: Renounce Religion


You were on level 13 of the Dungeon.
You worshipped Vehumet.
Vehumet was greatly pleased with you.
You visited 3 branches of the dungeon, and saw 21 of its levels.

You collected 1454 gold pieces.
You spent 132 gold pieces at shops.

Inventory:

Hand Weapons
 a - the +2 rapier of Nosuemoni (weapon) {speed, Int+4 Stlth+}
   (You found it on level 5 of the Lair of Beasts)

   Attacks with this weapon are significantly faster.
   Int:       It affects your intelligence (+4).
   Stlth:     It makes you more stealthy.
Missiles
 w - 35 poisoned darts (quivered)
 z - 3 throwing nets
Armour
 l - the +1 cloak of Starlight (worn) {*Dazzle EV+4 Stlth--}
   (You acquired it on level 11 of the Dungeon)

   It may blind those who miss an attack against the wearer in melee combat.
   EV:        It affects your evasion (+4).
   Stlth:     It makes you much less stealthy.
 K - a +0 pair of gloves (worn)
 M - a +2 robe of the Archmagi (worn)
 N - the +3 hat of Pondering (worn) {ponderous, Will+ MP+10 Int+5}
   (You took it off Gastronok on level 10 of the Dungeon)

   Int:       It affects your intelligence (+5).
   MP:        It affects your magic capacity (+10).
   Will:      It increases your willpower.
Magical Staves
 b - a staff of cold
Jewellery
 t - a +6 ring of intelligence (left hand)
 H - a +4 ring of protection (right hand)
 I - a +6 ring of strength
 Q - a +4 ring of protection
 T - a ring of resist corrosion
Wands
 m - a wand of acid (9)
 B - a wand of flame (10)
 L - a wand of mindburst (12)
 O - a wand of polymorph (7)
 S - a wand of roots (2)
Scrolls
 d - 7 scrolls of poison
 f - 4 scrolls of fog
 h - 5 scrolls of vulnerability
 i - 2 scrolls of immolation
 k - a scroll of summoning {unknown}
 o - 3 scrolls of fear
 q - 2 scrolls of brand weapon
 y - 2 scrolls of enchant weapon {unknown}
 E - a scroll of teleportation {unknown}
 F - 2 scrolls of magic mapping
Potions
 c - 2 potions of brilliance
 e - 4 potions of magic
 g - 3 potions of attraction
 n - 3 potions of might
 p - 2 potions of haste
 s - 5 potions of curing
 u - 3 potions of invisibility
 x - 2 potions of berserk rage
 A - a potion of resistance {unknown}
 C - 2 potions of heal wounds
 D - a potion of cancellation {unknown}
 R - a potion of lignification {unknown}
Miscellaneous
 r - a phantom mirror
 P - a condenser vane


   Skills:
 - Level 10.0 Fighting
 + Level 0.9 Short Blades
 - Level 8.0 Armour
 * Level 7.3 Dodging
 - Level 2.0 Stealth
 * Level 12.1 Spellcasting
 + Level 13.8 Conjurations
 + Level 17.2 Air Magic
 + Level 4.3 Poison Magic


You had 27 spell levels left.
You knew the following spells:

 Your Spells              Type           Power      Damage    Failure   Level
a - Airstrike             Air            59%        2d(9-25)  0%          4
d - Static Discharge      Conj/Air       100%       3-16/arc  0%          2
i - Ignite Poison         Fire/Tmut/Pois 46%        N/A       1%          3
s - Shock                 Conj/Air       100%       1d9       0%          1

Your spell library contained the following spells:

 Spells                   Type           Power      Damage    Failure   Level
 Yara's Violent Unravell  Hex/Tmut       15%        3d8       16%         5
 Swiftness                Air            100%       N/A       0%          3
 Apportation              Tloc           62%        N/A       1%          1
 Beastly Appendage        Tmut           62%        N/A       1%          1
 Scorch                   Fire           62%        2d8       1%          2
 Flame Wave               Conj/Fire      81%        2d18      1%          4
 Fulminant Prism          Conj/Hex       40%        3d20      1%          4
 Iskenderun's Mystic Bla  Conj/Tloc      81%        2d16      1%          4
 Silence                  Hex/Air        44%        N/A       1%          5
 Spider Form              Tmut/Pois      53%        N/A       2%          3
 Wereblood                Tmut           31%        N/A       3%          2
 Portal Projectile        Hex/Tloc       62%        N/A       6%          3
 Tukima's Dance           Hex            31%        N/A       6%          3
 Lee's Rapid Deconstruct  Erth           15%        3d11*     16%         5
 Anguish                  Hex/Necr       15%        N/A       21%         4
 Passage of Golubria      Tloc           31%        N/A       21%         4
 Alistair's Intoxication  Tmut/Pois      35%        N/A       22%         5
 Blade Hands              Tmut           15%        N/A       50%         5
 Lehudib's Crystal Spear  Conj/Erth      40%        10d10     86%         8
 Summon Cactus Giant      Summ           15%        N/A       97%         6
 Enfeeble                 Hex            15%        N/A       100%        7


Dungeon Overview and Level Annotations

Branches:
Dungeon (15/15)            Temple (1/1) D:4            Lair (5/5) D:9
 Shoals (0/4) Lair:3       Spider (0/4) Lair:2        Slime (0/5) Lair:5
    Orc (0/2) D:11         Depths (0/4) D:15
 Vaults: D:13-14

Altars:
Ashenzari
Cheibriados
Dithmenos
Elyvilon
Fedhas
Gozag
Hepliaklqana
Kikubaaqudgha
Makhleb
Nemelex Xobeh
Okawaru
Qazlal
Ru
Sif Muna
Trog
Uskayaw
Vehumet
Wu Jian
Xom
Yredelemnul
Zin
The Shining One
Jiyva

Shops:
D:2 [   D:3 **[   D:6 [   D:15 [

Portals:
Hell: Lair:5

Annotations:
D:7 dig for low-level spells


Innate Abilities, Weirdness & Mutations

You have a beak for a mouth.
You have claws for feet.
Your magical nature lets you fly swiftly and evasively.


Message History

The boulder beetle is struck by an arc of lightning!
The boulder beetle is severely wounded.
You are struck by an arc of lightning.
The boulder beetle is struck by an arc of lightning!
The boulder beetle is almost dead.
You are struck by an arc of lightning.
* * * LOW HITPOINT WARNING * * *
The lightning grounds out.
The boulder beetle is struck by an arc of lightning.
The boulder beetle is almost dead.
You are struck by an arc of lightning.
* * * LOW HITPOINT WARNING * * *
The lightning grounds out.
The skeletal warrior closely misses you.
Casting: Static Discharge (safe; 0% risk of failure)
Confirm with . or Enter, or press ? or * to list all spells.
You feel a surge of power!
The skeletal warrior is struck by an arc of lightning.
The skeletal warrior is almost destroyed.
You are struck by an arc of lightning!
* * * LOW HITPOINT WARNING * * *
The boulder beetle is struck by an arc of lightning!!
You kill the boulder beetle!
Vehumet accepts your kill.
You feel your power returning.
You are struck by an arc of lightning!
* * * LOW HITPOINT WARNING * * *
The skeletal warrior is struck by an arc of lightning.
The skeletal warrior is almost destroyed.
You are struck by an arc of lightning.
* * * LOW HITPOINT WARNING * * *
The skeletal warrior is struck by an arc of lightning.
You destroy the skeletal warrior!
Vehumet accepts your kill.
You feel your power returning.
The lightning grounds out.
You start resting.
A centaur warrior comes into view.
The centaur warrior shouts!
The centaur warrior wields a +0 longbow.
The centaur warrior shoots an arrow.
The arrow hits you!
You die...

.#######+######
......)@.......
.<.............
.รท.............
c###..####....#
#.. ....# ...
.... #.. ... #..
...


You could see a centaur warrior.

Vanquished Creatures
  Kirke (Lair:4)
  Gastronok (D:10)
  A dire elephant (Lair:5)
  Josephine (Lair:3)
  7 hydras
  3 boulder beetles
  A catoblepas (Lair:5)
  3 two-headed ogres
  A sixfirhy (Lair:5)
  2 skeletal warriors
  Amaemon (Lair:2)
  2 lindwurms (Lair:5)
  A wizard (Lair:5)
  2 deep elf pyromancers
  5 ugly things
  A merfolk siren (Lair:3)
  A smoke demon (Lair:5)
  5 black mambas
  2 gargoyles
  2 orange demons
  11 cane toads
  9 komodo dragons
  4 rime drakes (Lair:5)
  2 ice devils (Lair:5)
  3 red devils (Lair:5)
  6 trolls
  A hornet (D:8)
  4 dream sheep (Lair:3)
  23 blink frogs
  A shadow (D:6)
  A jumping spider (Lair:2)
  A culicivora (Lair:2)
  A vampire (D:11)
  Grum (D:10)
  41 yaks
  5 wyverns
  9 wraiths
  2 hogs (Lair:4)
  7 vampire mosquitoes (D:11)
  3 basilisks
  2 steam dragons (D:8)
  4 redbacks (Lair:2)
  A warg (D:11)
  16 water moccasins
  3 hell hounds (Lair:5)
  8 orc warriors
  2 ice beasts
  A black bear (D:7)
  A sky beast (D:8)
  2 ogres
  15 wolves
  7 centaurs
  A phantom (D:7)
  2 kobold brigands
  13 bullfrogs
  A gnoll sergeant (D:8)
  A necrophage (D:4)
  6 scorpions
  8 wights
  11 killer bees (D:8)
  5 howler monkeys
  An electric eel (Lair:1)
  3 jellies
  3 gnoll boudas
  8 orc priests
  A hound (D:3)
  An iguana (D:6)
  12 orc wizards
  6 hell rats (Lair:3)
  30 gnolls
  3 adders
  3 shadow imps
  2 white imps (D:6)
  2 ufetubi
  A worm (D:3)
  2 dart slugs
  45 orcs
  4 bats
  6 endoplasms
  4 giant cockroaches
  2 goblins (D:3)
  4 hobgoblins
  2 jackals (D:4)
  4 quokkas
  6 ball pythons
  A frilled lizard (D:2)
  16 kobolds
  3 rats (D:3)
463 creatures vanquished.

Vanquished Creatures (others)
  2 bushes (Lair:5)
  72 fungi
  64 plants
138 creatures vanquished.

Grand Total: 601 creatures vanquished

Notes
Turn   | Place    | Note
-------+----------+-------------------------------------------
     0 | D:1      | Godmorgon the Tengu Air Elementalist began the quest for
                  | the Orb.
     0 | D:1      | Reached XP level 1. HP: 10/10 MP: 4/4
   622 | D:1      | Reached XP level 2. HP: 13/15 MP: 3/6
   625 | D:1      | Learned a level 2 spell: Static Discharge
  1255 | D:2      | Reached XP level 3. HP: 17/19 MP: 1/7
  1424 | D:2      | Found a hide-covered altar of Uskayaw.
  1711 | D:2      | Reached skill level 5 in Air Magic
  1836 | D:2      | Found a faded altar of an unknown god.
  1988 | D:2      | Found Siyrphiz's Armour Emporium.
  2149 | D:3      | Found Vefa's Armour Shoppe.
  2218 | D:3      | Reached XP level 4. HP: 21/24 MP: 3/8
  2224 | D:3      | Learned a level 4 spell: Airstrike
  2508 | D:3      | Found Enudut's Assorted Antiques.
  2652 | D:3      | Found Keham's General Store.
  2924 | D:3      | Gained mutation: Your magical nature lets you fly swiftly
                  | and evasively. [Tengu growth]
  2924 | D:3      | Reached XP level 5. HP: 13/28 MP: 4/10
  3525 | D:4      | Reached skill level 6 in Air Magic
  3787 | D:4      | Found a staircase to the Ecumenical Temple.
  3881 | D:4      | Found a blossoming altar of Fedhas.
  4168 | D:4      | Found a white marble altar of Elyvilon.
  4174 | D:4      | Reached XP level 6. HP: 25/32 MP: 6/11
  4435 | D:4      | Found a broken altar of Ashenzari.
  4588 | D:4      | Reached skill level 7 in Air Magic
  4805 | Temple   | Entered the Ecumenical Temple
  4829 | D:4      | Upgraded the game from 0.29.1-1-gd02db6906a to
                  | 0.29.1-2-gbd0b4ee654
  4831 | D:5      | Entered Level 5 of the Dungeon
  5678 | D:5      | Reached XP level 7. HP: 26/36 MP: 8/13
  5789 | D:5      | Reached skill level 8 in Air Magic
  5933 | D:5      | Reached skill level 5 in Conjurations
  6301 | D:5      | Reached skill level 9 in Air Magic
  6603 | D:5      | Reached XP level 8. HP: 18/41 MP: 10/15
  7353 | D:6      | Found Soina's Armour Shop.
  7533 | D:3      | Bought a +1 hat for 132 gold pieces
  7846 | D:6      | Noticed a shadow
  7862 | D:6      | Killed a shadow
  8375 | D:6      | Reached skill level 10 in Air Magic
  8474 | D:6      | Reached skill level 5 in Spellcasting
  8664 | D:6      | Found a sparkling altar of Nemelex Xobeh.
  9148 | D:7      | Noticed a two-headed ogre
  9167 | D:7      | Killed a two-headed ogre
  9168 | D:7      | Reached skill level 11 in Air Magic
  9168 | D:7      | Reached XP level 9. HP: 45/45 MP: 4/18
  9307 | D:7      | Found the +6 shillelagh "Devastator" {shatter}
  9456 | D:7      | Noticed a two-headed ogre
  9458 | D:7      | Killed a two-headed ogre
  9459 | D:7      | Reached skill level 12 in Air Magic
  9722 | D:7      | Found an ornate altar of the Wu Jian Council.
 10203 | D:7      | Identified the +1 ring mail of Inviolability {Regen+}
 10257 | D:7      | Reached skill level 13 in Air Magic
 10261 | D:7      | Reached skill level 1 in Armour
 10599 | D:7      | Reached XP level 10. HP: 50/50 MP: 17/20
 10679 | D:7      | Noticed a gargoyle
 10693 | D:7      | Killed a gargoyle
 10892 | D:7      | Found a shimmering blue altar of Sif Muna.
 11557 | D:8      | Found a glowing golden altar of the Shining One.
 11783 | D:8      | Reached skill level 14 in Air Magic
 11970 | D:8      | Found a shimmering altar of Xom.
 11971 | D:8      | Found a radiant altar of Vehumet.
 12066 | D:8      | Found a sacrificial altar of Ru.
 12066 | D:8      | Found a stormy altar of Qazlal.
 12293 | D:9      | Noticed a deep elf pyromancer
 12296 | D:9      | Killed a deep elf pyromancer
 12297 | D:9      | Reached skill level 5 in Armour
 12297 | D:9      | Reached skill level 10 in Conjurations
 12551 | D:9      | Identified the +3 flail "Wacze" {freeze, rN+ rCorr Int+3
                  | Stlth-}
 12643 | D:9      | Reached XP level 11. HP: 46/54 MP: 16/23
 12726 | D:9      | Found a staircase to the Lair.
 12962 | D:8      | Became a worshipper of Vehumet
 13143 | D:8      | Found a hide-covered altar of Uskayaw.
 13924 | D:9      | Reached skill level 1 in Fighting
 14013 | D:9      | Reached * piety under Vehumet
 14013 | D:9      | Offered knowledge of Freeze by Vehumet.
 14367 | D:10     | Entered Level 10 of the Dungeon
 14693 | D:10     | Noticed Grum
 14772 | D:10     | Killed Grum
 14773 | D:10     | Reached skill level 15 in Air Magic
 14916 | D:10     | Noticed Gastronok
 15002 | D:10     | Killed Gastronok
 16345 | D:11     | Found a staircase to the Orcish Mines.
 16530 | D:11     | Reached ** piety under Vehumet
 16530 | D:11     | Offered knowledge of Foxfire by Vehumet.
 16531 | D:11     | Reached XP level 12. HP: 52/67 MP: 19/25
 17264 | D:11     | Noticed a two-headed ogre
 17289 | D:10     | Reached skill level 5 in Fighting
 17397 | D:11     | Killed a two-headed ogre
 17734 | D:11     | Identified a scroll of acquirement
 17772 | D:11     | Acquired the +1 cloak of Starlight {*Dazzle EV+4 Stlth--}
 17772 | D:11     | Found the +1 cloak of Starlight {*Dazzle EV+4 Stlth--}
 17906 | Lair:1   | Entered Level 1 of the Lair of Beasts
 18346 | Lair:1   | Noticed a six-headed hydra
 18364 | Lair:1   | Killed a six-headed hydra
 19077 | Lair:2   | Noticed a boulder beetle
 19095 | Lair:2   | Killed a boulder beetle
 19303 | Lair:2   | Noticed Amaemon
 19309 | Lair:2   | Killed Amaemon
 19310 | Lair:2   | Reached skill level 16 in Air Magic
 19560 | Lair:2   | Reached skill level 10 in Spellcasting
 19586 | Lair:2   | You are sucked into a shaft and drop 2 floors!
 19595 | Lair:4   | Offered knowledge of Ignite Poison by Vehumet.
 19677 | Lair:3   | Reached XP level 13. HP: 76/76 MP: 28/28
 19681 | Lair:3   | Learned a level 3 spell: Ignite Poison
 19712 | Lair:3   | Reached *** piety under Vehumet
 20045 | Lair:2   | Offered knowledge of Conjure Flame by Vehumet.
 20307 | Lair:2   | HP: 3/78 [/static electricity (5)]
 20364 | Lair:2   | Found a hole to the Spider Nest.
 20766 | Lair:3   | Noticed Josephine
 21016 | Lair:3   | Killed Josephine
 21060 | Lair:3   | Reached skill level 1 in Poison Magic
 21509 | Lair:3   | Found a staircase to the Shoals.
 21708 | Lair:4   | Reached **** piety under Vehumet
 22597 | Lair:4   | Noticed Kirke
 22606 | Lair:4   | Killed Kirke
 22719 | Lair:5   | Entered Level 5 of the Lair of Beasts
 22728 | Lair:4   | Offered knowledge of Stone Arrow by Vehumet.
 23294 | Lair:5   | Found a hazy altar of Hepliaklqana.
 23366 | Lair:5   | Reached skill level 5 in Dodging
 23375 | Lair:5   | Reached XP level 14. HP: 71/86 MP: 26/30
 24875 | Lair:5   | Found a viscous altar of Jiyva.
 24876 | Lair:5   | Found a staircase to the Slime Pits.
 25008 | Lair:5   | Reached skill level 17 in Air Magic
 25895 | Lair:5   | Noticed a dire elephant
 25908 | Lair:5   | Reached ***** piety under Vehumet
 25909 | Lair:5   | Killed a dire elephant
 25910 | Lair:5   | Offered knowledge of Yara's Violent Unravelling by Vehumet.
 26311 | Lair:5   | Found a burning altar of Makhleb.
 26579 | Lair:5   | Reached skill level 10 in Fighting
 26728 | Lair:5   | Found a gateway to Hell.
 26735 | Lair:5   | Identified the +2 rapier of Nosuemoni {speed, Int+4 Stlth+}
 26992 | D:12     | You are sucked into a shaft and drop 3 floors!
 26992 | D:15     | Entered Level 15 of the Dungeon
 27013 | D:15     | HP: 4/88 [purple ugly thing (6)]
 27020 | D:15     | Found Oqotogis's Antique Armour Emporium.
 27745 | D:13     | Shot with an arrow by a centaur warrior

Illustrated notes

Levels and vault maps discovered:
D:1:      amcnicky_arrival_single_pillar, layout_basic
D:2:      minmay_general_purpose_star, layout_basic,
          hellmonk_ecumenical_altar_leap_of_faith, serial_shops,
          nicolae_lakefront_shop, basic_altar
D:3:      layout_loops_ring, serial_shops, shop, nicolae_shop_trees, shop
D:4:      layout_loops_ring, elyvilon_altar_5, fedhas_altar_fruit_tree,
          ashenzari_altar_1, minmay_temple_entry_purple_smoke
D:5:      layout_basic
D:6:      layout_loops_corners, general_overflow_altar, serial_shops, shop
D:7:      layout_loops_corners, mainiacjoe_overflow_surrounded_room,
          nicolae_sif_muna_little_library, dilly_guarded_unrand_devastator
D:8:      layout_cave_pods, nicolae_uskayaw_dance_studio,
          nicolae_overflow_hidden_temple
D:9:      layout_rooms, due_lair_maze_entry_diamond, special_room
          [special_room_orc], grunt_ministairs_2, lemuel_flame_loot_1
D:10:     layout_loops_ring, uniq_grum, uniq_gastronok
D:11:     layout_layer_cave, david_orc_3, minmay_joined_circles
D:12:     layout_roguey, uniq_nessos
D:13:     layout_gridville, special_room [special_room_orc]
D:14:     layout_roguey, david_vaults_4, amcnicky_mini_pool_small,
          minmay_fountain_box, minmay_fractal_squares_diagonal_5
D:15:     grunt_enter_depths_magical_seal, layout_irregular_city, serial_shops,
          nicolae_shop_advertising_works [nicolae_subvault_shop_adworks],
          hangedman_decor_lopped, nicolae_rejected_hall, uniq_louise
Temple:   hellmonk_temple_micro_hex
Lair:1:   layout_chaotic_city, guppyfry_lair_drakes, serial_bayou_shore_a,
          infiniplex_staircase_pool_2
Lair:2:   layout_misc_corridors, nicolae_spider_entry_tight_spaces, uniq_amaemon
Lair:3:   layout_gridlike, minmay_shoals_entry_lonely_mermaid, st_stairs_10,
          chequers_serial_rivers_small_3, uniq_josephine
Lair:4:   layout_cellular_growth, uniq_kirke
Lair:5:   evil_forest, layout_loops_ring, nicolae_slime_entry_slimehenge,
          basic_altar

Skill      XL: |  1  2  3  4  5  6  7  8  9 10 11 12 13 14 |
---------------+-------------------------------------------+-----
Conjurations   | 2 3 4 5 7 9 10 11 12 13 | 13.8
Air Magic      | 5 6 7 9 11 13 14 15 16 17 | 17.2
Spellcasting   | 3 4 5 6 7 8 10 11 12 | 12.1
Armour         | 1 5 7 8 |  8.0
Fighting       | 4 7 9 10 | 10.0
Dodging        | 5 7 |  7.3
Poison Magic   | 2 4 |  4.3
Short Blades   | |  0.9
Stealth        | |  2.0

Action                   |  1- 3 |  4- 6 |  7- 9 | 10-12 | 13-15 || total
-------------------------+-------+-------+-------+-------+-------++-------
Melee: Staff             |       |     1 |     1 |       |       ||     2
       Shillelagh        |       |       |       |     6 |     6 ||    12
       Peck              |       |       |       |     2 |     1 ||     3
       Kick              |       |       |       |     1 |     1 ||     2
 Fire: Sling             |    12 |       |       |       |       ||    12
Throw: Dart              |       |       |       |    28 |       ||    28
 Cast: Shock             |    20 |    43 |     9 |    28 |     6 ||   106
       Static Discharge  |    10 |    34 |    38 |   112 |   125 ||   319
       Airstrike         |       |       |    31 |   182 |   186 ||   399
Evoke: Condenser vane    |       |       |       |     2 |       ||     2
  Use: Potion            |       |     1 |       |       |     3 ||     4
       Scroll            |       |       |    11 |    10 |     6 ||    27
 Stab: Invisible         |       |       |       |       |     1 ||     1
Armor: Robe              |     2 |     3 |     3 |       |    17 ||    25
       Ring mail         |       |       |     1 |    39 |    15 ||    55
Dodge: Dodged            |    15 |    13 |    31 |    57 |   132 ||   248
